 Seeded DCSS version 0.29-a0-322-g68df515428 (webtiles) character file.

Game seed: 7809745372613966964 (custom seed)

616099 AlmostDecent the Conqueror (level 27, -4/199 HPs)
             Began as a Tengu Hunter on Apr 6, 2022.
             Was a Priest of Okawaru.
             Slain by an Orb Guardian (6 damage)
             ... on level 5 of the Realm of Zot on Apr 7, 2022.
             The game lasted 06:11:08 (78029 turns).

AlmostDecent the Conqueror (Tengu Hunter)          Turns: 78029, Time: 06:11:09

Health: -4/199     AC: 33    Str: 10 (13) XL:     27
Magic:  0/43       EV: 10    Int:  5 (8)  God:    Okawaru [***...]
Gold:   3908       SH:  0    Dex: 33 (40) Spells: 26/26 levels left

rFire   + + .      SeeInvis +   x - +8 longbow "Zephyr" {speed, Dex+3 SInv}
rCold   + + .      Faith    .   (shield currently unavailable)
rNeg    + + +      Spirit   +   a - +1 shadow dragon scales
rPois   .          Reflect  .   z - +2 hat of Stoicism {Int+3 SInv}
rElec   +          Harm     .   M - +4 dragonskin cloak
rCorr   .          Rampage  .   u - +1 pair of gloves "Acitwe Tie" {rF+}
Will    ++...                   (boots unavailable)
Stlth   ++++++++++              j - amulet of Ygusah {Spirit *Corrode MP+9 Dex+4}
HPRegen 0.43/turn               N - ring "Lacrump" {rElec rF+ Str-5 Dex+8 Slay+5}
MPRegen 0.28/turn               A - ring of Wipparph {rC+ rN+++ Int-5}

@: mighty, heroic, vertiginous, on berserk cooldown, flying quickly and
evasively, held, hasted and slowed, quick
A: beak, talons 3, nimble flight, cold resistance 1, deterioration 1, low MP 1
}: 3/15 runes: decaying, abyssal, gossamer
a: Renounce Religion, Heroism


You were on level 5 of the Realm of Zot.
You worshipped Okawaru.
Okawaru was most pleased with you.
You visited 10 branches of the dungeon, and saw 48 of its levels.
You visited the Abyss 1 time.
You visited 1 bazaar.

You collected 7875 gold pieces.
You spent 3967 gold pieces at shops.

Inventory:

Hand Weapons
 i - the +8 storm bow {elec, penet}
   (You acquired it on level 14 of the Dungeon)

   Any ammunition fired from it occasionally discharges a powerful burst of
   electricity upon striking a foe.
   Any ammunition fired by it passes through the targets it hits, potentially
   hitting all targets in its path until it reaches maximum range.
 x - the +8 longbow "Zephyr" (weapon) {speed, Dex+3 SInv}
   (You found it on level 3 of the Elven Halls)

   Attacks with this weapon are significantly faster.
   Dex:       It affects your dexterity (+3).
   SInv:      It lets you see invisible.
 Q - the +6 longbow "Varainly" {freeze, Int+3 Dex-5}
   (Okawaru gifted it to you on level 10 of the Dungeon)

   Any ammunition fired from it freezes those it strikes, dealing additional
   cold damage.
   It can also slow down cold-blooded creatures.
   Int:       It affects your intelligence (+3).
   Dex:       It affects your dexterity (-5).
 R - the +6 longbow "Dupseok" {flame, Will+ SInv}
   (Okawaru gifted it to you on level 2 of the Orcish Mines)

   Any ammunition fired from it burns those it strikes, dealing additional fire
   damage.
   SInv:      It lets you see invisible.
   Will:      It increases your willpower.
Missiles
 E - 22 silver javelins
 P - a throwing net
Armour
 a - +1 shadow dragon scales (worn)
 q - a +8 chain mail of poison resistance
 r - the +0 pair of gloves of Beogh's Favour {+Blink rC- Str+4 Dex+4}
   (You found it on level 1 of the Realm of Zot)

   Str:       It affects your strength (+4).
   Dex:       It affects your dexterity (+4).
   rC:        It makes you vulnerable to cold.
   +Blink:    It lets you blink.
 u - the +1 pair of gloves "Acitwe Tie" (worn) {rF+}
   (Okawaru gifted it to you on level 3 of the Vaults)

   rF:        It protects you from fire.
 z - the +2 hat of Stoicism (worn) {Int+3 SInv}
   (Okawaru gifted it to you on level 4 of the Lair of Beasts)

   Int:       It affects your intelligence (+3).
   SInv:      It lets you see invisible.
 G - +1 fire dragon scales
 I - a scarf of repulsion
 K - a +2 pair of gloves of stealth
 M - the +4 dragonskin cloak (worn)
   (You took it off Tiamat on level 2 of the Realm of Zot)

   It grants the wearer a chance to resist fire, cold, poison, electricity,
   acid, and negative energy.
Jewellery
 h - an amulet of regeneration
 j - the amulet of Ygusah (around neck) {Spirit *Corrode MP+9 Dex+4}
   (You bought it in a shop on level 1 of the Depths)

   [amulet of guardian spirit]

   It causes incoming damage to be divided between your reserves of health and
   magic.
   Dex:       It affects your dexterity (+4).
   MP:        It affects your magic capacity (+9).
   *Corrode:  It may corrode you when you take damage.
 A - the ring of Wipparph (right hand) {rC+ rN+++ Int-5}
   (You took it off a wight on level 7 of the Dungeon)

   [ring of protection from cold]

   Int:       It affects your intelligence (-5).
   rC:        It protects you from cold.
   rN:        It renders you almost immune to negative energy.
 L - the ring "Woavar" {Wiz Drain rElec rN+ Int+2}
   (You found it on level 3 of the Depths)

   [ring of wizardry]

   It improves your spell success rate.
   Int:       It affects your intelligence (+2).
   rElec:     It insulates you from electricity.
   rN:        It protects you from negative energy.
   Drain:     It drains your maximum health when unequipped.
 N - the ring "Lacrump" (left hand) {rElec rF+ Str-5 Dex+8 Slay+5}
   (You found it on level 3 of the Depths)

   [ring of protection from fire]

   Str:       It affects your strength (-5).
   Dex:       It affects your dexterity (+8).
   Slay:      It affects your accuracy & damage with ranged weapons and melee
   (+5).
   rF:        It protects you from fire.
   rElec:     It insulates you from electricity.
 S - the ring of Shadows {Umbra +Inv Stlth+}
   (You found it on level 1 of the Swamp)

   [ring of stealth]

   It surrounds you with an aura of shadow, increasing your stealth and reducing
   the accuracy of all others within it.
   +Inv:      It lets you turn invisible.
   Stlth:     It makes you more stealthy.
 T - the ring "Busetyq" {MP+9 Str+4}
   (You found it on level 3 of the Depths)

   [ring of magical power]

   Str:       It affects your strength (+4).
   MP:        It affects your magic capacity (+9).
 W - a ring of poison resistance
Wands
 d - a wand of acid (19)
 y - a wand of digging (5)
 D - a wand of iceblast (66)
 F - a wand of mindburst (67)
 H - a wand of paralysis (26)
 O - a wand of flame (14)
Scrolls
 c - 7 scrolls of immolation
 e - 5 scrolls of fog
 g - a scroll of amnesia
 n - 4 scrolls of magic mapping
 p - 7 scrolls of teleportation
 v - 14 scrolls of enchant weapon
 C - 7 scrolls of fear
 U - 2 scrolls of blinking
 V - 2 scrolls of silence
 Y - a scroll of holy word
Potions
 b - 13 potions of might
 k - 3 potions of invisibility
 l - 8 potions of lignification
 m - 11 potions of brilliance
 o - 3 potions of mutation
 s - 14 potions of ambrosia
 t - 9 potions of curing
 w - 6 potions of heal wounds
 B - a potion of magic
 Z - 4 potions of haste
Miscellaneous
 f - a condenser vane
 X - a lightning rod (4/4)


   Skills:
 O Level 27 Fighting
 - Level 22.0(27) Bows
 + Level 1.6(6.6) Throwing
 - Level 16.7(21.7) Armour
 * Level 22.4(27) Dodging
 * Level 18.1(23.1) Stealth
 + Level 19.4 Invocations
 + Level 4.0 Evocations


You had 26 spell levels left.
You didn't know any spells.
Your spell library contained the following spells:

 Spells                   Type           Power      Damage    Failure   Level
 Apportation              Tloc           0%         N/A       100%        1
 Freeze                   Ice            0%         1d3       100%        1
 Magic Dart               Conj           0%         1d3       100%        1
 Pain                     Necr           0%         1d4       100%        1
 Sandblast                Erth           0%         2d4       100%        1
 Shock                    Conj/Air       0%         1d3       100%        1
 Slow                     Hex            0%         N/A       100%        1
 Blink                    Tloc           0%         N/A       100%        2
 Corpse Rot               Necr/Air       0%         N/A       100%        2
 Ensorcelled Hibernation  Hex/Ice        0%         N/A       100%        2
 Passwall                 Tmut/Erth      0%         N/A       100%        2
 Poisonous Vapours        Pois/Air       0%         N/A       100%        2
 Scorch                   Fire           0%         2d5       100%        2
 Sublimation of Blood     Necr           0%         N/A       100%        2
 Wereblood                Tmut           0%         N/A       100%        2
 Confusing Touch          Hex            0%         N/A       100%        3
 Conjure Flame            Conj/Fire      0%         6-21      100%        3
 Frozen Ramparts          Ice            0%         1d2       100%        3
 Gell's Gravitas          Tloc           0%         N/A       100%        3
 Ignite Poison            Fire/Tmut/Pois 0%         N/A       100%        3
 Inner Flame              Hex/Fire       0%         N/A       100%        3
 Lesser Beckoning         Tloc           0%         N/A       100%        3
 Mephitic Cloud           Conj/Pois/Air  0%         N/A       100%        3
 Ozocubu's Armour         Ice            0%         N/A       100%        3
 Portal Projectile        Hex/Tloc       0%         N/A       100%        3
 Swiftness                Air            0%         N/A       100%        3
 Teleport Other           Tloc           0%         N/A       100%        3
 Vampiric Draining        Necr           0%         2d6       100%        3
 Airstrike                Air            0%         N/A       100%        4
 Cause Fear               Hex            0%         N/A       100%        4
 Dispel Undead            Necr           0%         3d6       100%        4
 Flame Wave               Conj/Fire      0%         2d4       100%        4
 Fulminant Prism          Conj/Hex       0%         3d6       100%        4
 Hailstorm                Conj/Ice       0%         3d3       100%        4
 Ice Form                 Ice/Tmut       0%         N/A       100%        4
 Iskenderun's Mystic Bla  Conj/Tloc      0%         2d3       100%        4
 Leda's Liquefaction      Hex/Erth       0%         N/A       100%        4
 Passage of Golubria      Tloc           0%         N/A       100%        4
 Petrify                  Tmut/Erth      0%         N/A       100%        4
 Sticky Flame             Conj/Fire      0%         2d3       100%        4
 Agony                    Necr           0%         N/A       100%        5
 Alistair's Intoxication  Tmut/Pois      0%         N/A       100%        5
 Blade Hands              Tmut           0%         N/A       100%        5
 Borgnjor's Vile Clutch   Necr/Erth      0%         N/A       100%        5
 Excruciating Wounds      Necr           0%         N/A       100%        5
 Fireball                 Conj/Fire      0%         3d3       100%        5
 Freezing Cloud           Conj/Ice/Air   0%         6-21      100%        5
 Irradiate                Conj/Tmut      0%         3d13      100%        5
 Iskenderun's Battlesphe  Conj           0%         2d6       100%        5
 Lee's Rapid Deconstruct  Erth           0%         3d5*      100%        5
 Manifold Assault         Tloc           0%         N/A       100%        5
 Metabolic Englaciation   Hex/Ice        0%         N/A       100%        5
 Silence                  Hex/Air        0%         N/A       100%        5
 Yara's Violent Unravell  Hex/Tmut       0%         3d3       100%        5
 Conjure Ball Lightning   Conj/Air       0%         3x3d6     100%        6
 Dispersal                Tloc           0%         N/A       100%        6
 Eringya's Noxious Bog    Tmut/Pois      0%         N/A       100%        6
 Iron Shot                Conj/Erth      0%         9d1       100%        6
 Starburst                Conj/Fire      0%         6d3       100%        6
 Statue Form              Tmut/Erth      0%         N/A       100%        6
 Enfeeble                 Hex            0%         N/A       100%        7
 Orb of Destruction       Conj           0%         9d5       100%        7
 Ozocubu's Refrigeration  Ice            0%         4d5       100%        7
 Storm Form               Tmut/Air       0%         N/A       100%        7
 Borgnjor's Revivificati  Necr           0%         N/A       100%        8
 Discord                  Hex            0%         N/A       100%        8
 Disjunction              Tloc           0%         N/A       100%        8
 Ignition                 Fire           0%         3d3       100%        8
 Lehudib's Crystal Spear  Conj/Erth      0%         10d2      100%        8
 Maxwell's Capacitive Co  Air            0%         ∞         100%        8
 Necromutation            Tmut/Necr      0%         N/A       100%        8
 Chain Lightning          Conj/Air       0%         N/A       100%        9
 Death's Door             Necr           0%         N/A       100%        9
 Fire Storm               Conj/Fire      0%         5d1       100%        9
 Shatter                  Erth           0%         3d5*      100%        9
 Animate Skeleton         Necr           Unusable   N/A       N/A         1
 Summon Small Mammal      Summ           Unusable   N/A       N/A         1
 Call Canine Familiar     Summ           Unusable   N/A       N/A         3
 Summon Guardian Golem    Hex/Summ       Unusable   N/A       N/A         3
 Animate Armour           Summ/Erth      Unusable   N/A       N/A         4
 Summon Ice Beast         Ice/Summ       Unusable   N/A       N/A         4
 Summon Lightning Spire   Summ/Air       Unusable   N/A       N/A         4
 Summon Forest            Summ/Tloc      Unusable   N/A       N/A         5
 Summon Mana Viper        Hex/Summ       Unusable   N/A       N/A         5
 Death Channel            Necr           Unusable   N/A       N/A         6
 Simulacrum               Ice/Necr       Unusable   N/A       N/A         6
 Summon Cactus Giant      Summ           Unusable   N/A       N/A         6
 Monstrous Menagerie      Summ           Unusable   N/A       N/A         7
 Spellforged Servitor     Conj/Summ      Unusable   N/A       N/A         7
 Summon Hydra             Summ           Unusable   N/A       N/A         7

Dungeon Overview and Level Annotations

Branches:
Dungeon (15/15)            Temple (1/1) D:4            Lair (6/6) D:11
  Swamp (4/4) Lair:4       Spider (4/4) Lair:2        Slime (0/5) Lair:6
    Orc (2/2) D:9             Elf (3/3) Orc:2        Vaults (4/5) D:13
  Crypt (0/3) Vaults:3     Depths (4/4) D:15            Zot (5/5) Depths:4

Altars:
Ashenzari
Cheibriados
Dithmenos
Elyvilon
Fedhas
Gozag
Hepliaklqana
Kikubaaqudgha
Makhleb
Nemelex Xobeh
Okawaru
Qazlal
Ru
Sif Muna
Trog
Uskayaw
Vehumet
Wu Jian
Xom
Yredelemnul
Zin
The Shining One
Beogh
Jiyva

Shops:
D:6 !   D:7 :*!   D:8 (   Orc:2 ?[[=   Elf:1 :***!   Elf:3 !   Vaults:2 =!!
Vaults:3 (   Zot:4 *   Depths:1 :=:   Depths:3 !(!

Portals:
Hell: Depths:1 Depths:2 Depths:3 Depths:4
Abyss: Depths:3
Pandemonium: Depths:2
Ziggurat: Depths:2
Trove: Vaults:2 (give 15 scrolls of teleportation)

Annotations:
Elf:2 3 runed translucent doors
Depths:4 3 runed translucent doors


Innate Abilities, Weirdness & Mutations

You have a beak for a mouth.
You have claws for feet.
Your magical nature lets you fly swiftly and evasively.
Your flesh is cold resistant. (rC+)
Your body sometimes deteriorates upon taking damage.
Your magical capacity is low. (-10% MP)


Message History

You see here a +0 dire flail.
The Killer Klown pies you viciously! The klown pie misses you.
The Orb Guardian hits you!
You flicker back into view.
The Orb Guardian hits you but does no damage.
The Orb Guardian hits you but does no damage.
The Orb Guardian hits you!! The Killer Klown pies you viciously!
The klown pie hits you!!!
Plum!
You feel light-headed.
* * * LOW HITPOINT WARNING * * *
The Killer Klown does a somersault.
The Killer Klown blinks!
You feel much better.
You feel your willpower return. The Orb Guardian hits you!
* * * LOW HITPOINT WARNING * * *
The Orb Guardian hits you but does no damage.
The Orb Guardian barely misses you.
You feel yourself speed up. The Orb Guardian misses you.
The Orb Guardian hits you!
* * * LOW HITPOINT WARNING * * *
The Orb Guardian misses you. The Orb Guardian completely misses you.
The Orb Guardian hits you but does no damage.
The Orb Guardian closely misses you. The Killer Klown drops a net on you.
You become entangled in the net!
You see here a throwing net.
Unknown command.
You tear a large gash into the net.
The Orb Guardian misses you. The Orb Guardian hits you.
* * * LOW HITPOINT WARNING * * *
The Killer Klown kneecaps you but does no damage.
The Orb Guardian hits you!!
* * * LOW HITPOINT WARNING * * *
You feel much better. The Orb Guardian hits you!!
* * * LOW HITPOINT WARNING * * *
The Killer Klown kneecaps you with a +8 club of chaos!
* * * LOW HITPOINT WARNING * * *
The Orb Guardian hits you but does no damage.
The Orb Guardian hits you.
You die...

.^..##..^.## ##..[.##....
...,,###...###########..)###....(
^.,,,,*##...............###..^.=.
.,,,,,* ##..^......)...## #....^.
,,,,^,* #...........^.# #......
,,,,,,* ##.....).....## #......
,,,,,,* #...........# #^.....
,,,,,,* ##.....XX....## #......
,,,,,** #......@p.....# ##.....
,,,,** ##.............## ##....
,,,** #...............# ##...
####▓▓ ▓########)########▓▓▓▓####
.....###^.......(<.....###.......
......##.....##.##.#...##........
...#..####..#.....##.####..#.....
...#..# *#.*#.#.⌠^##.## #........
......###.###.#.#..##.###.)......


You could see a Killer Klown and 2 Orb Guardians.

Vanquished Creatures
  An ancient lich (Zot:5)
  Tiamat (Zot:2)
  2 orbs of fire (Zot:5)
  Mennas (Depths:4)
  2 juggernauts
  Sojobo (Depths:3)
  Margery (Depths:3)
  5 Killer Klowns
  the Lernaean hydra (Swamp:4)
  Saint Roka (Orc:2)
  3 curse toes
  2 caustic shrikes
  9 golden dragons
  4 bone dragons (Depths:4)
  Jory (Vaults:3)
  A Tzitzimitl (Zot:5)
  18 tentacled monstrosities
  2 hellephants (Depths:2)
  Rupert (Orc:2)
  11 Orb Guardians (Zot:5)
  3 liches
  The ghost of AlmostDecent the Executioner, an adept FoFi of Okawaru (Swamp:4)
  2 deep elf master archers (Elf:3)
  2 deep elf blademasters (Elf:3)
  An ancient champion (Vaults:3)
  5 quicksilver dragons
  3 sphinxes
  11 death cobs
  Gastronok (D:12)
  8 shadow dragons
  4 tengu reavers (Depths:3)
  Roxanne (Elf:1)
  3 draconian knights
  2 draconian monks (Zot:5)
  13 storm dragons
  The ghost of Deodd the Tortoise, an adept GrFi of Okawaru (Swamp:1)
  8 fire giants
  3 iron dragons
  19 vault wardens
  Louise (D:15)
  2 deep elf sorcerers (Elf:3)
  10 emperor scorpions
  Aizul (Orc:2)
  2 orc warlords
  8 frost giants
  A draconian stormcaller (Zot:2)
  8 draconian scorchers
  4 angels (Zot:1)
  2 draconian shifters
  A cacodemon (Zot:5)
  4 deep elf elementalists
  7 ghost moths
  28 ironbound preservers
  A broodmother (Spider:3)
  A war gargoyle (Vaults:2)
  21 very ugly things
  4 draconian annihilators
  13 stone giants
  6 vampire knights
  9 green draconians
  8 ironbound thunderhulks
  7 deep elf demonologists
  3 entropy weavers
  8 black draconians
  3 eleionomae
  7 purple draconians
  20 red draconians
  9 yellow draconians
  8 dire elephants
  4 white draconians
  8 spark wasps
  Azrael (D:15)
  3 bunyips
  12 deep elf annihilators
  A crystal guardian (Vaults:4)
  A green death (Depths:2)
  18 ettins
  5 fire dragons
  Snorg (D:13)
  A shambling mangrove (Swamp:3)
  4 deep elf death magi
  3 jiangshi (Depths:3)
  Fannar (D:9)
  6 deep elf high priests
  5 yaktaur captains
  5 great orbs of eyes
  2 rakshasas
  3 ice dragons (Depths:4)
  27 hydras
  26 vault guards
  A jorogumo (Spider:4)
  4 radroaches
  Erolcha (Orc:1)
  2 peacekeepers
  5 spriggan air magi
  7 boulder beetles
  9 centaur warriors
  A catoblepas (Lair:6)
  7 ironbound frosthearts
  18 dancing weapons
  7 two-headed ogres
  12 death yaks
  10 hell hogs (Depths:2)
  8 alligators
  5 deep troll shamans
  11 deep troll earth magi
  5 vampire magi
  3 thrashing horrors (Abyss:2)
  Urug (Orc:1)
  6 orc high priests
  A titan zombie (Vaults:4)
  4 spriggan berserkers
  6 tengu warriors
  15 deep elf knights
  9 hell knights
  9 iron trolls
  3 pharaoh ants
  A bunyip zombie (Swamp:3)
  4 goliath frogs
  11 steelbarb worms
  2 sun moths (Spider:3)
  84 deep trolls
  6 orb spiders
  3 spriggan druids
  A death drake (shapeshifter) (Depths:3)
  A glowing orange brain (Depths:1)
  13 swamp dragons
  A swamp dragon (shapeshifter) (Vaults:3)
  12 lindwurms
  17 deep elf archers
  2 bog bodies (Swamp:1)
  2 flayed ghosts
  9 wizards
  18 ironbound convokers
  3 harpies (Vaults:3)
  Pikel (D:4)
  7 necromancers
  7 orc knights
  11 orc sorcerers
  5 phantasmal warriors
  32 deep elf pyromancers
  40 deep elf zephyrmancers
  30 ugly things
  7 cyclopes
  11 wolf spiders
  A manticore (D:7)
  5 will-o-the-wisps
  10 elephants
  31 moths of wrath
  3 apocalypse crabs (Abyss:2)
  2 black mambas (Lair:4)
  2 torpor snails
  A rust devil (Depths:2)
  A smoke demon (Abyss:3)
  16 vault sentinels
  2 gargoyles
  14 cane toads
  A cane toad (shapeshifter) (Elf:2)
  3 demonic crawlers
  3 kobold demonologists
  A freezing wraith (D:14)
  5 rime drakes
  An efreet (Zot:3)
  35 yaktaurs
  13 komodo dragons
  An ice devil (Depths:2)
  A yaktaur skeleton (Vaults:4)
  4 tengu conjurers
  3 hydra zombies (Swamp:3)
  A troll (shapeshifter) (Zot:1)
  A red devil (Depths:2)
  An ancient zyme (Abyss:3)
  10 trolls
  9 bloated husks
  19 hornets
  A tyrant leech (shapeshifter) (Vaults:3)
  6 polar bears
  A harpy zombie (Abyss:2)
  12 tarantellas
  An alligator zombie (Swamp:3)
  6 blink frogs
  9 dream sheep
  13 tyrant leeches
  34 slime creatures
  6 large abominations
  A centaur simulacrum (D:15)
  10 jumping spiders
  25 spriggans
  4 air elementals
  13 culicivoras
  4 wyverns
  A ynoxinul (Abyss:3)
  Grum (D:9)
  Sigmund (D:4)
  An elf zombie (Vaults:4)
  63 yaks
  An ettin skeleton (Vaults:4)
  8 water elementals
  A fire bat (shapeshifter) (Zot:1)
  2 wraiths
  25 fire elementals
  24 vampire mosquitoes
  4 basilisks
  2 chaos spawn (Zot:1)
  19 humans (D:13)
  5 steam dragons
  44 redbacks
  6 wargs
  22 swamp worms
  4 acid dragons
  Edmund (D:6)
  14 water moccasins
  3 hell hounds (D:15)
  A floating eye (shapeshifter) (D:15)
  67 orc warriors
  12 swamp drakes
  An alligator simulacrum (Swamp:3)
  6 floating eyes
  A meliai simulacrum (D:15)
  3 ice beasts (D:15)
  4 sky beasts
  3 black bears
  3 small abominations
  2 swamp dragon zombies (Swamp:3)
  9 ogres
  5 boggarts (Lair:6)
  21 wolves
  18 centaurs
  A lemure (D:4)
  2 phantoms
  6 kobold brigands
  17 bullfrogs
  5 earth elementals
  3 scorpions
  A glowing shapeshifter simulacrum (Vaults:4)
  2 necrophages
  2 gnoll sergeants
  9 wights
  12 killer bees
  8 electric eels
  6 howler monkeys
  2 starcursed masses (Abyss:3)
  5 hounds
  An iron imp (Abyss:2)
  2 jellies
  33 orc priests
  A gnoll shaman (D:4)
  7 iguanas
  34 orc wizards
  6 hell rats
  8 adders
  14 gnolls
  A shadow imp (D:7)
  7 white imps
  5 ufetubi
  A worm (D:2)
  The ghost of hellse the Sneak, a weakling TrDe of Okawaru (D:5)
  4 dart slugs
  135 orcs
  10 endoplasms
  4 giant cockroaches
  10 goblins
  8 hobgoblins
  25 kobolds
  5 quokkas
  6 ball pythons
  7 bats
  3 frilled lizards (D:3)
  13 rats
  A pillar of salt (Zot:1)
2201 creatures vanquished.

Vanquished Creatures (others)
  Asterion (Vaults:3)
  A draconian knight (Zot:5)
  A bunyip (Swamp:4)
  A red draconian (Zot:3)
  A deep elf knight (Elf:3)
  An ugly thing (Vaults:4)
  A human (D:9)
  A bush (Lair:6)
  12 foxfires
  44 fungi
  A pillar of salt (Zot:1)
  80 plants
145 creatures vanquished.

Grand Total: 2346 creatures vanquished

Notes
Turn   | Place    | Note
-------+----------+-------------------------------------------
     0 | D:1      | AlmostDecent the Tengu Hunter began the quest for the Orb.
     0 | D:1      | Reached XP level 1. HP: 12/12 MP: 2/2
   139 | D:1      | Reached XP level 2. HP: 17/17 MP: 3/3
   161 | D:1      | Reached skill level 5 in Bows
   366 | D:1      | Reached XP level 3. HP: 9/21 MP: 4/4
  1351 | D:2      | Reached XP level 4. HP: 26/26 MP: 5/5
  1678 | D:2      | Found a faded altar of an unknown god.
  1851 | D:3      | Gained mutation: Your magical nature lets you fly swiftly
                  | and evasively. [Tengu growth]
  1851 | D:3      | Reached XP level 5. HP: 30/30 MP: 6/6
  2198 | D:3      | Identified 2 scrolls of acquirement
  2198 | D:3      | Acquired the +5 shortbow of the Forgotten Princes {speed,
                  | Str+2 Dex+7}
  2281 | D:3      | Noticed a kobold brigand
  2284 | D:3      | Killed a kobold brigand
  2285 | D:3      | Reached XP level 6. HP: 36/36 MP: 7/7
  2888 | D:4      | Noticed a yak
  2895 | D:4      | Acquired 560 gold pieces
  2906 | D:4      | Killed a yak
  2907 | D:4      | Reached XP level 7. HP: 8/40 MP: 8/8
  3211 | D:4      | Found a staircase to the Ecumenical Temple.
  3227 | Temple   | Entered the Ecumenical Temple
  3368 | Temple   | Became a worshipper of Warmaster Okawaru
  3441 | D:4      | Noticed Sigmund
  3766 | D:4      | Noticed Pikel
  3782 | D:4      | HP: 2/40 [Pikel/+2 whip of flaming (2)]
  3785 | D:4      | Killed Pikel
  3785 | D:4      | Reached * piety under Okawaru
  3785 | D:4      | Reached ** piety under Okawaru
  3786 | D:4      | Reached skill level 3 in Fighting
  3786 | D:4      | Reached skill level 10 in Bows
  3786 | D:4      | Reached XP level 8. HP: 37/46 MP: 9/9
  4001 | D:4      | Killed Sigmund
  4678 | D:5      | Entered Level 5 of the Dungeon
  4762 | D:5      | Reached XP level 9. HP: 52/52 MP: 10/10
  5002 | D:5      | Reached *** piety under Okawaru
  5003 | D:5      | Reached skill level 4 in Fighting
  5013 | D:5      | Found a runed translucent gate.
  5014 | D:5      | Found a runed translucent gate.
  5014 | D:5      | Noticed hellse's ghost (weakling TrDe)
  5014 | D:5      | Identified the +7 dagger of Extermination {vorpal, rN+
                  | Dex+4}
  5015 | D:5      | Found a runed translucent gate.
  5521 | D:5      | Killed hellse's ghost
  5596 | D:6      | Found Ofa Hocw's Distillery.
  5703 | D:6      | Received a gift from Okawaru
  5828 | D:6      | Bought a potion of heal wounds for 50 gold pieces
  5936 | D:6      | Received a gift from Okawaru
  6292 | D:6      | Noticed Edmund
  6302 | D:6      | Killed Edmund
  6848 | D:7      | Received a gift from Okawaru
  6849 | D:7      | Reached skill level 5 in Fighting
  6866 | D:7      | Noticed a troll
  6880 | D:7      | Killed a troll
  6881 | D:7      | Reached skill level 1 in Armour
  6921 | D:7      | Reached XP level 10. HP: 40/59 MP: 11/11
  6924 | D:7      | Noticed a deep elf pyromancer
  6929 | D:7      | Noticed a cyclops
  6940 | D:7      | Killed a cyclops
  6940 | D:7      | Reached **** piety under Okawaru
  7236 | D:7      | Noticed a white ugly thing
  7247 | D:7      | Killed a white ugly thing
  7267 | D:7      | Noticed a gargoyle
  7276 | D:7      | Killed a gargoyle
  7277 | D:7      | Reached skill level 6 in Fighting
  7505 | D:7      | Received a gift from Okawaru
  7507 | D:7      | Identified the ring of Wipparph {rC+ rN+++ Int-5}
  7512 | D:7      | Reached skill level 1 in Invocations
  7578 | D:7      | Killed a deep elf pyromancer
  7578 | D:7      | Reached ***** piety under Okawaru
  7579 | D:7      | Reached skill level 15 in Bows
  7606 | D:7      | Noticed a manticore
  7612 | D:7      | Killed a manticore
  7643 | D:7      | Received a gift from Okawaru
  8009 | D:7      | Received a gift from Okawaru
  8147 | D:7      | Reached XP level 11. HP: 66/66 MP: 13/13
  8161 | D:7      | Found Soptyrch's General Store.
  8185 | D:7      | Found Idoc's Distillery.
  8190 | D:7      | Bought a potion of curing for 36 gold pieces
  8190 | D:7      | Bought a potion of might for 48 gold pieces
  8431 | D:7      | Found Sozaig's Book Shop.
  8504 | D:7      | Reached skill level 5 in Armour
  9300 | D:8      | Found a snail-covered altar of Cheibriados.
  9300 | D:8      | Noticed a centaur warrior
  9313 | D:8      | Found Kodop's Antique Weapon Shop.
  9507 | D:8      | Found a blossoming altar of Fedhas.
  9507 | D:8      | Noticed a cyclops
  9518 | D:8      | Killed a cyclops
  9519 | D:8      | Reached skill level 7 in Fighting
  9649 | D:8      | Killed a centaur warrior
 10189 | D:9      | Found a staircase to the Orcish Mines.
 10435 | D:9      | Noticed Grum
 10453 | D:9      | Killed Grum
 10739 | D:9      | Found an ancient bone altar of Kikubaaqudgha.
 11073 | D:10     | Entered Level 10 of the Dungeon
 11129 | D:10     | Reached skill level 8 in Fighting
 11582 | D:10     | Identified the +6 longbow "Varainly" {freeze, Int+3 Dex-5}
                  | (Okawaru gifted it to you on level 10 of the Dungeon)
 11582 | D:10     | Received a gift from Okawaru
 11741 | D:10     | Noticed a death yak
 11810 | D:10     | Killed a death yak
 11811 | D:10     | Reached skill level 9 in Fighting
 11811 | D:10     | Reached XP level 12. HP: 70/76 MP: 11/15
 11851 | D:10     | Received a gift from Okawaru
 12461 | D:11     | Noticed a two-headed ogre
 12467 | D:11     | Killed a two-headed ogre
 12574 | D:11     | Noticed a five-headed hydra
 12583 | D:11     | Killed a five-headed hydra
 12635 | D:11     | Received a gift from Okawaru
 12636 | D:11     | Reached skill level 10 in Fighting
 12665 | D:11     | Noticed a soul eater
 12859 | D:11     | Noticed a two-headed ogre
 12866 | D:11     | Killed a two-headed ogre
 13162 | D:11     | Received a gift from Okawaru
 13181 | D:11     | Found a staircase to the Lair.
 13457 | D:11     | Reached skill level 10 in Armour
 13573 | D:12     | Noticed Gastronok
 13597 | D:12     | Killed Gastronok
 13598 | D:12     | Reached skill level 11 in Fighting
 13831 | D:12     | Noticed a two-headed ogre
 13845 | D:12     | Killed a two-headed ogre
 13990 | D:12     | Received a gift from Okawaru
 14006 | D:12     | Reached XP level 13. HP: 70/85 MP: 16/16
 14418 | D:12     | Reached skill level 12 in Fighting
 15026 | Lair:1   | Entered Level 1 of the Lair of Beasts
 15067 | Lair:1   | Reached ****** piety under Okawaru
 15067 | Lair:1   | Received a gift from Okawaru
 15247 | Lair:1   | Received a gift from Okawaru
 15342 | Lair:1   | Received a gift from Okawaru
 15355 | Lair:1   | Reached skill level 13 in Fighting
 15931 | Lair:2   | Found a bloodstained altar of Trog.
 16078 | Lair:2   | Found a hole to the Spider Nest.
 17721 | Lair:4   | Reached skill level 14 in Fighting
 18072 | Lair:4   | Identified the +2 hat of Stoicism {Int+3 SInv} (Okawaru
                  | gifted it to you on level 4 of the Lair of Beasts)
 18072 | Lair:4   | Received a gift from Okawaru
 18421 | Lair:4   | Found a staircase to the Swamp.
 18563 | Lair:4   | Reached XP level 14. HP: 96/96 MP: 15/18
 18696 | Lair:4   | Reached skill level 5 in Invocations
 19563 | Lair:4   | Reached skill level 15 in Fighting
 20005 | Lair:5   | Received a gift from Okawaru
 20817 | Lair:6   | Entered Level 6 of the Lair of Beasts
 20835 | Lair:5   | Received a gift from Okawaru
 21061 | Lair:6   | Found a viscous altar of Jiyva.
 21061 | Lair:6   | Found a staircase to the Slime Pits.
 21069 | Lair:6   | HP: 3/98 [spriggan rider/+0 spear (18)]
 21824 | Lair:6   | Reached skill level 16 in Fighting
 22442 | Lair:6   | Identified the +3 longbow "Cuiwnomo" {speed, MP+9} (Okawaru
                  | gifted it to you on level 6 of the Lair of Beasts)
 22442 | Lair:6   | Received a gift from Okawaru
 22776 | Lair:6   | Reached XP level 15. HP: 56/105 MP: 20/20
 23300 | Lair:6   | Received a gift from Okawaru
 24422 | Orc:1    | Entered Level 1 of the Orcish Mines
 24422 | Orc:1    | Noticed Fannar
 24456 | D:9      | Killed Fannar
 24456 | D:9      | Received a gift from Okawaru
 25014 | Orc:1    | Noticed Urug
 25659 | Orc:1    | Killed Urug
 25765 | Orc:1    | Noticed Erolcha
 25770 | Orc:1    | Received a gift from Okawaru
 25778 | Orc:1    | Killed Erolcha
 25969 | Orc:2    | Entered Level 2 of the Orcish Mines
 26342 | Orc:2    | Identified the +6 longbow "Dupseok" {flame, Will+ SInv}
                  | (Okawaru gifted it to you on level 2 of the Orcish Mines)
 26342 | Orc:2    | Received a gift from Okawaru
 26395 | Orc:2    | Noticed Saint Roka
 26989 | Orc:2    | Found Giudeum's Jewellery Emporium.
 27007 | Orc:2    | Found Inuzit's Antique Armour Shoppe.
 28778 | Orc:2    | Got Bouq's Beginning Course on Sorcery
 28829 | Orc:2    | Noticed Rupert
 28864 | Orc:2    | Killed Rupert
 29414 | Orc:2    | Noticed an orc warlord
 30278 | Orc:2    | HP: 5/106 [Saint Roka/bolt (16)]
 30731 | Orc:2    | HP: 3/106 [Saint Roka/bolt (41)]
 31163 | Orc:2    | HP: 5/106 [orc warlord/bolt (23)]
 31774 | D:13     | Reached skill level 17 in Fighting
 31930 | D:13     | Found a gate to the Vaults.
 31991 | D:13     | Received a gift from Okawaru
 32367 | D:13     | Noticed Snorg
 32380 | D:13     | Killed Snorg
 32381 | D:13     | Reached XP level 16. HP: 94/112 MP: 21/21
 33176 | D:14     | Acquired the +8 storm bow {elec, penet}
 33176 | D:14     | Found the +8 storm bow {elec, penet}
 33537 | D:15     | Entered Level 15 of the Dungeon
 33663 | D:15     | Noticed Azrael
 33686 | D:15     | Killed Azrael
 33899 | D:15     | Noticed Louise
 33913 | D:15     | Killed Louise
 33914 | D:15     | Reached skill level 15 in Armour
 34203 | D:15     | Found a staircase to the Depths.
 34861 | Orc:2    | Found Alucliett's Antique Armour Shoppe.
 34869 | Orc:2    | Bought a twisted leather armour for 140 gold pieces
 34869 | Orc:2    | Identified the +3 leather armour "Oxzo" {Str+4} (You bought
                  | it in a shop on level 2 of the Orcish Mines)
 34890 | Orc:2    | Received a gift from Okawaru
 34903 | Orc:2    | Found Niteuh's Magic Scroll Emporium.
 34911 | Orc:2    | Bought a scroll of acquirement for 728 gold pieces
 34911 | Orc:2    | Bought a scroll of blinking for 105 gold pieces
 34911 | Orc:2    | Bought a scroll of teleportation for 42 gold pieces
 34911 | Orc:2    | Bought a scroll of blinking for 105 gold pieces
 34911 | Orc:2    | Acquired a manual of Fighting
 35112 | Orc:2    | Killed Saint Roka
 35666 | Orc:2    | Found a staircase to the Elven Halls.
 35858 | Spider:1 | Entered Level 1 of the Spider Nest
 36202 | Spider:1 | Received a gift from Okawaru
 36203 | Spider:1 | Reached skill level 18 in Fighting
 36353 | Spider:1 | Identified the +8 shortbow of the Mind {speed, Int+5}
                  | (Okawaru gifted it to you on level 1 of the Spider Nest)
 36353 | Spider:1 | Received a gift from Okawaru
 36371 | Spider:1 | Identified the +1 short sword of the Heavens {antimagic,
                  | *Slow rPois rC+ Int+4}
 37553 | Spider:3 | Reached XP level 17. HP: 106/120 MP: 22/22
 37809 | Spider:3 | Received a gift from Okawaru
 38480 | Spider:4 | Entered Level 4 of the Spider Nest
 38753 | Spider:4 | Received a gift from Okawaru
 39179 | Spider:4 | Reached skill level 19 in Fighting
 40042 | Spider:4 | Got a gossamer rune of Zot
 40314 | Swamp:1  | Entered Level 1 of the Swamp
 40331 | Swamp:1  | Received a gift from Okawaru
 40521 | Swamp:1  | Found the ring of Shadows {Umbra +Inv Stlth+}
 40522 | Swamp:1  | Found a runed translucent gate.
 40523 | Swamp:1  | Found a runed translucent gate.
 40524 | Swamp:1  | Found a runed translucent gate.
 40524 | Swamp:1  | Noticed Deodd's ghost (adept GrFi)
 40585 | Swamp:1  | Killed Deodd's ghost
 40703 | Swamp:1  | Received a gift from Okawaru
 40713 | Swamp:1  | Reached XP level 18. HP: 110/129 MP: 17/24
 40778 | Swamp:1  | Reached skill level 20 in Fighting
 41204 | Swamp:2  | Got the Disquisition on the Dusty Voyage
 41238 | Swamp:2  | Identified the +4 ring mail of Dithmenos's Supremacy
                  | {*Corrode +Inv Str+5}
 41735 | Swamp:3  | Identified the +6 chain mail of Springtime {rCorr} (Okawaru
                  | gifted it to you on level 3 of the Swamp)
 41735 | Swamp:3  | Received a gift from Okawaru
 42967 | Swamp:4  | Entered Level 4 of the Swamp
 43001 | Swamp:4  | Reached skill level 5 in Stealth
 44603 | Swamp:4  | Reached skill level 21 in Fighting
 44787 | Swamp:4  | Noticed the 27-headed Lernaean hydra
 45096 | Swamp:4  | Killed the 27-headed Lernaean hydra
 45097 | Swamp:4  | Reached skill level 5 in Dodging
 45404 | Swamp:4  | Got a decaying rune of Zot
 45474 | Swamp:4  | Found a runed translucent gate.
 45474 | Swamp:4  | Found a runed translucent gate.
 45474 | Swamp:4  | Found a runed translucent gate.
 45476 | Swamp:4  | Noticed AlmostDecent's ghost (adept FoFi)
 45506 | Swamp:4  | Noticed a tentacled monstrosity
 45675 | Swamp:4  | Killed a tentacled monstrosity
 45675 | Swamp:4  | Received a gift from Okawaru
 45895 | Swamp:4  | Killed AlmostDecent's ghost
 46408 | Elf:1    | Entered Level 1 of the Elven Halls
 46429 | Elf:1    | Noticed Aizul
 46641 | Orc:2    | Killed Aizul
 46664 | Elf:1    | Reached XP level 19. HP: 92/138 MP: 23/25
 47103 | Elf:1    | Received a gift from Okawaru
 47202 | Elf:1    | Received a gift from Okawaru
 47318 | Elf:1    | Found Xeselo's General Store.
 47322 | Elf:1    | Paralysed by an air elemental for 1 turns
 47331 | Elf:1    | Found Hibej's Assorted Antiques.
 47331 | Elf:1    | Found Ciurihic's General Store.
 47337 | Elf:1    | Found Gof Waep's Distillery.
 47350 | Elf:1    | Bought a scroll labelled QEFIGH PEQU for 38 gold pieces
 47354 | Elf:1    | Bought a potion of heal wounds for 80 gold pieces
 47354 | Elf:1    | Bought a potion of heal wounds for 80 gold pieces
 47360 | Elf:1    | Bought a potion of haste for 140 gold pieces
 47721 | Elf:1    | Identified Roxanne's Reference Book on Clay
 47721 | Elf:1    | Noticed Roxanne
 47749 | Elf:1    | Killed Roxanne
 47750 | Elf:1    | Reached skill level 22 in Fighting
 47966 | Elf:1    | Found Xiggem's Book Shoppe.
 48185 | Elf:2    | Received a gift from Okawaru
 48224 | Elf:2    | Paralysed by an air elemental for 1 turns
 48431 | Elf:2    | Received a gift from Okawaru
 48445 | Elf:2    | Found a runed translucent gate.
 48445 | Elf:2    | Found a runed translucent gate.
 48445 | Elf:2    | Found a runed translucent gate.
 48592 | Elf:2    | Received a gift from Okawaru
 48994 | Elf:3    | Entered Level 3 of the Elven Halls
 49002 | Elf:3    | Found Cossigop's Distillery.
 49017 | Elf:3    | Bought a potion of heal wounds for 55 gold pieces
 49554 | Elf:3    | Reached skill level 1 in Throwing
 49653 | Elf:3    | Reached XP level 20. HP: 147/147 MP: 20/27
 49687 | Elf:3    | Received a gift from Okawaru
 49811 | Elf:3    | Identified the +3 ring mail "Rocs" {rF+ SInv}
 49814 | Elf:3    | Found the +8 longbow "Zephyr" {speed, Dex+3 SInv}
 49898 | Elf:3    | Reached skill level 23 in Fighting
 49938 | Elf:3    | Received a gift from Okawaru
 49971 | Elf:3    | Identified the +5 dagger of Apaotaus {protect, Int+2}
 50083 | Elf:3    | Got the Incunabulum of Ghastly Shape Shifting
 50252 | Elf:3    | Received a gift from Okawaru
 50832 | Vaults:1 | Entered Level 1 of the Vaults
 50861 | Vaults:1 | Found a flickering gateway to a bazaar.
 50870 | Bazaar   | Entered a bazaar
 50870 | Bazaar   | Found Jor Jib's Weapon Boutique.
 50870 | Bazaar   | Found Xutob's Antique Armour Shop.
 50870 | Bazaar   | Found Uvugyxt's Weapon Shop.
 50886 | Bazaar   | Bought a scorched ring mail for 153 gold pieces
 50886 | Bazaar   | Identified the +2 ring mail of the Meadowlark {rElec rC++
                  | rCorr} (You bought it in a shop in a bazaar)
 51192 | Vaults:1 | You are sucked into a shaft and drop 1 floor!
 51224 | Vaults:2 | Found Uguxoxzul's Distillery.
 51228 | Vaults:2 | Received a gift from Okawaru
 51257 | Vaults:2 | Reached skill level 10 in Invocations
 51273 | Vaults:2 | Received a gift from Okawaru
 51329 | Vaults:2 | Reached skill level 10 in Dodging
 51360 | Vaults:2 | Bought a potion of heal wounds for 80 gold pieces
 51360 | Vaults:2 | Bought a potion of heal wounds for 80 gold pieces
 51360 | Vaults:2 | Bought a potion of curing for 48 gold pieces
 51360 | Vaults:2 | Bought a potion of curing for 48 gold pieces
 51360 | Vaults:2 | Gained mutation: You tend to lose your temper in combat.
                  | [potion of mutation]
 51361 | Vaults:2 | Lost mutation: You tend to lose your temper in combat.
                  | [potion of mutation]
 51361 | Vaults:2 | Gained mutation: Armour fits poorly on your strangely
                  | shaped body. [potion of mutation]
 51362 | Vaults:2 | Lost mutation: Armour fits poorly on your strangely shaped
                  | body. [potion of mutation]
 51362 | Vaults:2 | Gained mutation: Your mind is acute. (Int +2) [potion of
                  | mutation]
 51362 | Vaults:2 | Gained mutation: You passively map a small area around you.
                  | [potion of mutation]
 51363 | Vaults:2 | Lost mutation: You passively map a small area around you.
                  | [potion of mutation]
 51363 | Vaults:2 | Lost mutation: Your mind is acute. (Int +2) [potion of
                  | mutation]
 51363 | Vaults:2 | Gained mutation: You have hidden genetic potential. [potion
                  | of mutation]
 51363 | Vaults:2 | Lost mutation: You have hidden genetic potential. [potion
                  | of mutation]
 51488 | Vaults:2 | Reached skill level 10 in Stealth
 51783 | Vaults:2 | Received a gift from Okawaru
 51792 | Vaults:2 | Reached XP level 21. HP: 112/155 MP: 29/29
 51993 | Vaults:2 | Found Qoyt's Distillery.
 52002 | Vaults:2 | Bought a potion of curing for 33 gold pieces
 52002 | Vaults:2 | Bought a potion of curing for 33 gold pieces
 52002 | Vaults:2 | Bought a potion of curing for 33 gold pieces
 52002 | Vaults:2 | Bought a potion of mutation for 88 gold pieces
 52335 | Vaults:2 | Reached skill level 24 in Fighting
 52692 | Vaults:2 | Found a portal to a secret trove of treasure.
 52894 | Vaults:2 | Found Heys's Jewellery Emporium.
 54335 | Vaults:3 | Noticed Jory
 54355 | Vaults:3 | Killed Jory
 54355 | Vaults:3 | Received a gift from Okawaru
 54485 | Vaults:3 | Identified the +0 leather armour of Hudivopu {Int+5}
 54578 | Vaults:3 | Received a gift from Okawaru
 54650 | Vaults:3 | Noticed Asterion
 54659 | Vaults:3 | Received a gift from Okawaru
 54661 | Vaults:3 | Killed Asterion
 54713 | Vaults:3 | Identified the +2 arbalest "Ischelech" {elec, rElec Str+3
                  | Int-5 Stlth+}
 54733 | Vaults:3 | Identified the +6 arbalest of Pyromania {penet, Str+4 Int+3
                  | Dex+5}
 54767 | Vaults:3 | Received a gift from Okawaru
 54886 | Vaults:3 | Received a gift from Okawaru
 54889 | Vaults:3 | Reached skill level 25 in Fighting
 55270 | Vaults:3 | Received a gift from Okawaru
 55387 | Vaults:3 | Reached XP level 22. HP: 159/164 MP: 31/31
 55650 | Vaults:3 | Found Kitekis's Weapon Shop.
 55731 | Vaults:3 | Found a staircase to the Crypt.
 55830 | Vaults:3 | Identified the +1 pair of gloves "Acitwe Tie" {rF+}
                  | (Okawaru gifted it to you on level 3 of the Vaults)
 55830 | Vaults:3 | Received a gift from Okawaru
 57254 | Vaults:4 | Reached skill level 26 in Fighting
 57833 | Vaults:4 | Received a gift from Okawaru
 58170 | Depths:1 | Entered Level 1 of the Depths
 58226 | Depths:1 | Found a runed translucent door.
 58318 | Depths:1 | Got Facvi's Guide on Dislocation
 58973 | Depths:1 | Reached skill level 15 in Dodging
 59047 | Depths:1 | Found Sorhemer's Book Emporium.
 59047 | Depths:1 | Found Yzuajaic's Jewellery Shop.
 59048 | Depths:1 | Found Lymic's Book Emporium.
 59194 | Depths:1 | Bought the amulet of Ygusah {Spirit *Corrode MP+9 Dex+4}
                  | for 821 gold pieces
 59247 | Depths:1 | Found a gateway to Hell.
 59557 | Depths:1 | Reached XP level 23. HP: 173/173 MP: 32/32
 59938 | Depths:2 | Found a one-way gateway to a ziggurat.
 60142 | Depths:2 | Identified the +2 scale mail of the Depths {+Inv Dex+6}
 60323 | Depths:2 | Noticed a juggernaut
 60344 | Depths:2 | Killed a juggernaut
 60722 | Depths:2 | Received a gift from Okawaru
 60816 | Depths:2 | Acquired 351 gold pieces
 60913 | Depths:2 | Noticed a caustic shrike
 60925 | Depths:2 | Killed a caustic shrike
 60987 | Depths:2 | Reached skill level 27 in Fighting
 61616 | Depths:2 | Found a one-way gate leading to the halls of Pandemonium.
 61905 | Depths:3 | Noticed Margery
 61925 | Depths:3 | Killed Margery
 61939 | Depths:3 | Received a gift from Okawaru
 62160 | Depths:3 | Identified the ring "Woavar" {Wiz Drain rElec rN+ Int+2}
 62330 | Depths:3 | Received a gift from Okawaru
 62406 | Depths:3 | Identified the ring "Busetyq" {MP+9 Str+4}
 62481 | Depths:3 | Noticed Sojobo
 62531 | Depths:3 | Killed Sojobo
 62780 | Depths:3 | Found a one-way gate to the infinite horrors of the Abyss.
 62860 | Depths:3 | Identified the ring "Lacrump" {rElec rF+ Str-5 Dex+8
                  | Slay+5}
 63041 | Depths:3 | Noticed a caustic shrike
 63043 | Depths:3 | Noticed a golden dragon
 63049 | Depths:3 | Killed a caustic shrike
 63055 | Depths:3 | Killed a golden dragon
 63055 | Depths:3 | Received a gift from Okawaru
 63063 | Depths:3 | Identified the +4 halberd of Discomfort {venom, Int+5}
 63271 | Depths:3 | Found Texug's Distillery.
 63287 | Depths:3 | Bought a potion of haste for 160 gold pieces
 63287 | Depths:3 | Bought a potion of curing for 48 gold pieces
 63287 | Depths:3 | Bought a potion of curing for 48 gold pieces
 63287 | Depths:3 | Bought a potion of haste for 160 gold pieces
 63287 | Depths:3 | Bought a potion of curing for 48 gold pieces
 63416 | Depths:3 | Reached XP level 24. HP: 170/181 MP: 33/33
 63426 | Depths:3 | Found a transporter.
 63476 | Depths:3 | Received a gift from Okawaru
 63516 | Depths:3 | Found Plog's Distillery.
 63528 | Depths:3 | Bought a potion of curing for 33 gold pieces
 63528 | Depths:3 | Bought a potion of heal wounds for 55 gold pieces
 63528 | Depths:3 | Bought a potion of curing for 33 gold pieces
 63528 | Depths:3 | Bought a potion of heal wounds for 55 gold pieces
 63528 | Depths:3 | Bought a potion of mutation for 88 gold pieces
 63528 | Depths:3 | Bought a potion of curing for 33 gold pieces
 63528 | Depths:3 | Gained mutation: Your body sometimes deteriorates upon
                  | taking damage. [potion of mutation]
 63528 | Depths:3 | Gained mutation: You expend magic power (3 MP) to
                  | strengthen your wands. [potion of mutation]
 63529 | Depths:3 | Lost mutation: You expend magic power (3 MP) to strengthen
                  | your wands. [potion of mutation]
 63529 | Depths:3 | Lost mutation: Your body sometimes deteriorates upon taking
                  | damage. [potion of mutation]
 63529 | Depths:3 | Gained mutation: You occasionally shout uncontrollably at
                  | your foes. [potion of mutation]
 63529 | Depths:3 | Gained mutation: You possess an exceptional clarity of
                  | mind. [potion of mutation]
 63530 | Depths:3 | Lost mutation: You occasionally shout uncontrollably at
                  | your foes. [potion of mutation]
 63530 | Depths:3 | Lost mutation: You possess an exceptional clarity of mind.
                  | [potion of mutation]
 63530 | Depths:3 | Gained mutation: Your mind is acute. (Int +2) [potion of
                  | mutation]
 63530 | Depths:3 | Gained mutation: Your body sometimes deteriorates upon
                  | taking damage. [potion of mutation]
 63530 | Depths:3 | Gained mutation: A frigid envelope surrounds you and
                  | freezes all who hurt you. [potion of mutation]
 63646 | Depths:3 | Reached skill level 15 in Stealth
 63714 | Depths:3 | Identified the +3 ring mail of the Blind Marksman {rPois
                  | Int+3 Dex+8 Slay-4}
 63726 | Depths:3 | Found a transporter.
 63819 | Depths:3 | Found Ruept's Antique Weapon Boutique.
 63947 | Depths:4 | Entered Level 4 of the Depths
 64037 | Depths:4 | Noticed a juggernaut
 64143 | Depths:4 | Killed a juggernaut
 64463 | Depths:4 | Paralysed by a vampire knight for 5 turns
 64818 | Elf:1    | Bought a scroll of enchant armour for 127 gold pieces
 65167 | Depths:4 | Received a gift from Okawaru
 65536 | Depths:4 | Noticed Mennas
 65574 | Depths:4 | Killed Mennas
 66128 | Depths:4 | Received a gift from Okawaru
 66343 | Depths:4 | Found a runed translucent door.
 66363 | Depths:4 | Received a gift from Okawaru
 66371 | Depths:4 | Found a runed translucent door.
 66756 | Depths:4 | Found a runed translucent door.
 66768 | Depths:4 | Found a runed translucent door.
 66768 | Depths:4 | Found a runed translucent door.
 66789 | Depths:4 | Found a gate to the Realm of Zot.
 66794 | Depths:4 | Received a gift from Okawaru
 66839 | Depths:4 | Found a runed translucent door.
 67307 | Depths:4 | Received a gift from Okawaru
 67450 | Depths:4 | Found a hazy altar of Hepliaklqana.
 67686 | Depths:3 | Voluntarily entered the Abyss.
 67718 | Abyss:2  | Found a shimmering altar of Xom.
 68021 | Abyss:3  | Gained mutation: You are frail. (-10% HP) [a neqoxec]
 68039 | Abyss:3  | Reached XP level 25. HP: 150/168 MP: 23/35
 68039 | Abyss:3  | Reached XP level 26. HP: 154/173 MP: 23/35
 68039 | Abyss:3  | Got an abyssal rune of Zot
 68050 | Abyss:3  | Paralysed by accursed screaming for 1 turns
 68104 | Depths:3 | Escaped the Abyss
 68311 | Zot:1    | Entered Level 1 of the Realm of Zot
 68822 | Zot:1    | Identified the +0 pair of gloves of Beogh's Favour {+Blink
                  | rC- Str+4 Dex+4}
 68838 | Zot:1    | Received a gift from Okawaru
 68839 | Zot:1    | Reached skill level 15 in Invocations
 68862 | Zot:1    | Acquired a manual of Invocations
 68877 | Zot:1    | Reached XP level 27. HP: 169/179 MP: 35/35
 69271 | Zot:1    | Received a gift from Okawaru
 69286 | Zot:1    | Found a shimmering altar of Xom.
 69287 | Zot:1    | Found a shimmering altar of Xom.
 69293 | Zot:1    | Found a shimmering altar of Xom.
 69294 | Zot:1    | Found a shimmering altar of Xom.
 69294 | Zot:1    | Found a glowing silver altar of Zin.
 69301 | Zot:1    | Found a shimmering altar of Xom.
 69301 | Zot:1    | Found a shimmering altar of Xom.
 69302 | Zot:1    | Found a shimmering altar of Xom.
 69302 | Zot:1    | Found a shimmering altar of Xom.
 71383 | Zot:2    | Found the +4 dragonskin cloak
 71383 | Zot:2    | Noticed Tiamat
 71991 | Zot:2    | Killed Tiamat
 74180 | Zot:4    | Found Cuutatow's CLEARANCE SALE!.
 74185 | Zot:4    | Bought a potion of curing for 15 gold pieces
 74318 | Zot:4    | Lost mutation: Your body sometimes deteriorates upon taking
                  | damage. [potion of mutation]
 74318 | Zot:4    | Lost mutation: Your mind is acute. (Int +2) [potion of
                  | mutation]
 74318 | Zot:4    | Gained mutation: You are very frail. (-20% HP) [potion of
                  | mutation]
 74318 | Zot:4    | Gained mutation: You have sharp fingernails. [potion of
                  | mutation]
 74318 | Zot:4    | Gained mutation: You have a pair of small antennae on your
                  | head. [potion of mutation]
 74319 | Zot:4    | Lost mutation: You have sharp fingernails. [potion of
                  | mutation]
 74319 | Zot:4    | Lost mutation: You have a pair of small antennae on your
                  | head. [potion of mutation]
 74319 | Zot:4    | Lost mutation: You are very frail. (-20% HP) [potion of
                  | mutation]
 74319 | Zot:4    | Gained mutation: Your mind is acute. (Int +2) [potion of
                  | mutation]
 74319 | Zot:4    | Gained mutation: Your flesh is cold resistant. (rC+)
                  | [potion of mutation]
 74956 | Zot:4    | Received a gift from Okawaru
 75805 | Zot:5    | Entered Level 5 of the Realm of Zot
 76693 | Zot:5    | Received a gift from Okawaru
 77049 | Zot:5    | Noticed an ancient lich
 77079 | Zot:5    | Killed an ancient lich
 77097 | Zot:5    | Received a gift from Okawaru
 77145 | Zot:5    | Noticed an orb of fire
 77158 | Zot:5    | Gained mutation: You have hidden genetic defects. [an orb
                  | of fire]
 77554 | Zot:5    | Killed an orb of fire
 77561 | Zot:5    | Received a gift from Okawaru
 77616 | Zot:5    | Lost mutation: A frigid envelope surrounds you and freezes
                  | all who hurt you. [potion of mutation]
 77616 | Zot:5    | Lost mutation: Your flesh is cold resistant. (rC+) [potion
                  | of mutation]
 77616 | Zot:5    | Gained mutation: You expend magic power (3 MP) to
                  | strengthen your wands. [potion of mutation]
 77617 | Zot:5    | Lost mutation: You expend magic power (3 MP) to strengthen
                  | your wands. [potion of mutation]
 77617 | Zot:5    | Lost mutation: You have hidden genetic defects. [potion of
                  | mutation]
 77617 | Zot:5    | Gained mutation: You sometimes lose the ability to read
                  | scrolls when taking damage. [potion of mutation]
 77617 | Zot:5    | Gained mutation: Your magical capacity is low. (-10% MP)
                  | [potion of mutation]
 77617 | Zot:5    | Gained mutation: You expend magic power (3 MP) to
                  | strengthen your wands. [potion of mutation]
 77618 | Zot:5    | Lost mutation: You sometimes lose the ability to read
                  | scrolls when taking damage. [potion of mutation]
 77618 | Zot:5    | Lost mutation: You expend magic power (3 MP) to strengthen
                  | your wands. [potion of mutation]
 77618 | Zot:5    | Lost mutation: You are frail. (-10% HP) [potion of
                  | mutation]
 77618 | Zot:5    | Lost mutation: Your mind is acute. (Int +2) [potion of
                  | mutation]
 77618 | Zot:5    | Gained mutation: Your flesh is cold resistant. (rC+)
                  | [potion of mutation]
 77630 | Zot:5    | Noticed an orb of fire
 77691 | Zot:5    | Gained mutation: Your body sometimes deteriorates upon
                  | taking damage. [an orb of fire]
 77717 | Zot:5    | Killed an orb of fire
 78029 | Zot:5    | HP: 8/199 [Orb Guardian (24)]
 78029 | Zot:5    | HP: 2/199 [Killer Klown/+8 club of chaos (6)]
 78029 | Zot:5    | Slain by an Orb Guardian

Illustrated notes

Levels and vault maps discovered:
D:1:      dpeg_arrival_subterranean_lakeside_camping, layout_basic,
          serial_bayou_pond_a
D:2:      layout_rooms, hellmonk_ecumenical_altar_arch_garden, st_stairs_8,
          minmay_split_cup_large
D:3:      cheibrodos_thug_alley, layout_basic
D:4:      layout_layer_cave, minmay_temple_entry_offerings, minmay_small_thing,
          uniq_sigmund, uniq_pikel
D:5:      layout_loops_ring, biasface_ghost_orc_armoury,
          kennysheep_decorative_pillar
D:6:      layout_basic, serial_shops, shop_fountains, uniq_edmund
D:7:      minmay_the_grid_octo_tiled_squarecenter
          [minmay_the_grid_octo_checkerflower, minmay_the_grid_octo_77,
          minmay_the_grid_octo_clover_2, minmay_the_grid_octo_horde,
          minmay_the_grid_square_5x5_megaprize_checkered,
          minmay_the_grid_square_5x5_slash,
          minmay_the_grid_square_5x5_eight_small,
          minmay_the_grid_square_5x5_hollow_slash,
          minmay_the_grid_square_5x5_bracketed], layout_loops_ring,
          serial_shops, shop_fountains, shop, kennysheep_mini_moat,
          serial_co_window_serial, co_window_corner_a,
          co_window_of_opportunity_a, co_window_corner_a, co_window_corner_a,
          co_window_corner_a, co_window_broadway_a, co_window_corner_cb,
          co_window_unsneaky_path_c, co_window_corner_cb, co_window_paths_c,
          co_window_4corner_a, co_window_paths_e, glass_columns_c,
          glass_columns_a, glass_columns_a
D:8:      layout_loops_cross, serial_shops, shop, hangedman_feature_mirror,
          hangedman_misty_isle
D:9:      layout_stronghold, tgw_kikubaaqudgha, orc_0_dummy,
          serial_column_ruins, column_ruins_hut_pillars,
          column_ruins_columns_corner, column_ruins_grid_1,
          column_ruins_columns_corner, column_ruins_grid_3, column_ruins_grid_3,
          uniq_grum
D:10:     argonaut_augean_stables, layout_basic, hellmonk_bongcloud_opening
D:11:     layout_loops_ring, erik_lair_orcish_takeover
D:12:     layout_basic, uniq_gastronok
D:13:     layout_loops_ring, grunt_vaults_entry_tiered, uniq_snorg
D:14:     layout_gridville, serial_bayou_shore_b, kennysheep_generic_room_5
D:15:     hangedman_depths_entry_civil_slaughter, layout_long_grid, serial_ice,
          serial_ice_l, serial_ice_d, serial_ice_h, serial_ice_o,
          minmay_misc_feat_nine_boxes, uniq_azrael, uniq_louise
Temple:   mainiacjoe_temple_hex_bubbles
Lair:1:   layout_chaotic_city, serial_bayou_pond_e, wad_woods_03
Lair:2:   layout_regular_city, spider_nest_entry_web_field, basic_altar
Lair:3:   layout_regular_city, hibernation_bobbens
Lair:4:   layout_misc_corridors, palyth_hydra_swamp_entry
Lair:5:   layout_layer_cave, st_stairs_9, grunt_megastairs_2,
          infiniplex_staircase_pool_2
Lair:6:   minmay_lair_end_enchanted_forest, layout_regular_city, slime_altar_1
Swamp:1:  layout_falls_marsh, ebering_ghost_rock_garden,
          evilmike_swamp_ruin_rubble_2, roderic_carrion_pond
Swamp:2:  layout_falls_marsh, evilmike_swamp_ruin_house_2
Swamp:3:  layout_basic_swamp, nicolae_swamp_triple_paths, swamp_pool5,
          nicolae_swamp_necromancer_hut
Swamp:4:  swamp_old_school, layout_basic_swamp, gammafunk_ghost_hydra_chop,
          swamp_pool4, infiniplex_staircase_pool
Spider:1: layout_spider_delve
Spider:2: layout_cave_pods
Spider:3: layout_cave_pods
Spider:4: grunt_spider_rune_circles
Orc:1:    layout_caves, nicolae_orc_rich_vein, uniq_urug, uniq_fannar,
          uniq_erolcha
Orc:2:    pubby_orc_utopia, uniq_rupert, uniq_saint_roka
Elf:1:    nicolae_elf_arrival_aired_out, layout_loops_corners, serial_shops,
          shop, hangedman_elf_represent, minmay_shoptagon, uniq_roxanne,
          uniq_aizul
Elf:2:    nicolae_elf_blades_splatter_lattice [nicolae_blade_bullseye],
          layout_loops_cross, evilmike_minifort
Elf:3:    grunt_elf_hall_spiral, layout_gridlike, serial_shops, shop
Vaults:1: v_pattern_1, hangedman_vaults_capsules, vaults_standard_mumra_x,
          nicolae_vaults_three_branches, v_misc_29, hangedman_vaults_cutoff,
          vaults_room_grid, nicolae_vaults_murderbox, layout_vaults_omnigrid,
          serial_shops, bzr_entry_islet
Vaults:2: v_misc_28, ontoclasm_vaults_fault, nicolae_vaults_little_ls,
          ontoclasm_vaults_tryst, ontoclasm_vaults_decontamination,
          nicolae_vaults_little_squares_1, vaults_room_stairs_pillars,
          dpeg_vaults_monster_row, v_misc_11, v_misc_9, ontoclasm_vaults_twist,
          ontoclasm_vaults_ring_small, ontoclasm_vaults_ring_large, v_rooms_4,
          layout_vaults_omnicross, serial_shops, nicolae_shop_hallway_plus,
          shop, shop_coins, nicolae_trove_entry_isolated
Vaults:3: hangedman_vaults_snaps, nicolae_vaults_branching_niches,
          minmay_crypt_entry_simple_corners, vaults_room_fours,
          dpeg_vaults_monster_box, grunt_vaults_focal,
          nicolae_vaults_little_squares_4, grunt_vaults_swirl, v_rooms_5,
          nicolae_vaults_yaktaur_gun_rack, layout_vaults_ring, serial_shops,
          shop, uniq_asterion, uniq_jory
Vaults:4: grunt_vaults_diagonal, nicolae_vaults_disjoint_gnomons,
          vaults_room_semicircle, hangedman_vaults_nodes, v_misc_2,
          ontoclasm_vaults_hangar, v_misc_2, nicolae_vaults_little_squares_1,
          ontoclasm_vaults_spin, nicolae_vaults_little_squares_1,
          nicolae_vaults_back_hallway, vaults_dpeg_encased_lava,
          grunt_vaults_twisty, vaults_dpeg_hooks, layout_vaults_maze_snakey
Depths:1: layout_cave_shapes, hell_entry, roderic_serpentine_path,
          minmay_strange_pillars, nicolae_lava_and_water,
          lightli_church_of_beogh, grunt_megastairs_3, minmay_shop_grove,
          serial_bayou_shore_a
Depths:2: hangedman_cross_veins, layout_cave_pools, enter_ziggurat_b,
          grunt_hell_horde, serial_rivers, chequers_serial_rivers_room_a,
          chequers_serial_rivers_large_b, chequers_serial_rivers_micro_a,
          chequers_serial_rivers_marsh, chequers_serial_rivers_small_3,
          kennysheep_nub, rand_demon_pan_entry_5
Depths:3: hangedman_spin_cycle, abyss_entry, hell_entry
Depths:4: evilmike_zot_entry_castle, layout_basic,
          nicolae_hepliaklqana_hippocampus, hell_entry, uniq_sojobo, uniq_mennas
Zot:1:    dreamdust_zin_vs_xom, layout_twisted_circle
Zot:2:    layout_gridlike, st_stairs_14, hangedman_zot_decor_checkerboard,
          uniq_tiamat
Zot:3:    lemuel_firehouse, layout_onion_interference
Zot:4:    kennysheep_room_grid, layout_gridlike, nicolae_shop_clearance
Zot:5:    layout_cathedral_of_symmetry, st_stairs_12

Skill      XL: |  1  2  3  4  5  6  7  8  9 10 11 12 13 14 15 16 17 18 19 20 21 22 23 24 25 26 27 |
---------------+----------------------------------------------------------------------------------+-----
Bows           | 5 6 7 9 10 12 14 15 16 18 20 21 22 | 22.0
Fighting       | 3 5 6 9 11 14 16 17 18 19 21 22 23 25 26 27 | 27.0
Stealth        | 2 3 6 8 10 11 12 14 16 18 | 18.1
Armour         | 1 4 8 10 12 13 14 15 16 | 16.7
Invocations    | 2 3 4 5 6 7 9 10 11 12 14 15 19 | 19.4
Dodging        | 5 7 10 13 15 17 19 22 | 22.4
Throwing       | 1 |  1.6
Evocations     | 3 4 |  4.0

Action                   |  1- 3 |  4- 6 |  7- 9 | 10-12 | 13-15 | 16-18 | 19-21 | 22-24 | 25-27 || total
-------------------------+-------+-------+-------+-------+-------+-------+-------+-------+-------++-------
Melee: Longbow           |       |       |       |       |       |       |       |     1 |       ||     1
       Kick              |       |       |       |       |       |       |       |     1 |       ||     1
 Fire: Shortbow          |    88 |   131 |   270 |   782 |  1052 |       |       |       |       ||  2323
       Longbow           |       |       |       |       |   945 |  1593 |  1446 |  1829 |  1027 ||  6840
Throw: Javelin           |       |       |       |       |       |     8 |     4 |       |       ||    12
       Throwing net      |       |       |       |       |       |     1 |       |       |       ||     1
Invok: Heroism           |       |       |     1 |    17 |    49 |    28 |    35 |    51 |    45 ||   226
       Finesse           |       |       |       |     5 |    14 |    17 |    14 |    11 |     8 ||    69
 Abil: Evoke Invisibilit |       |       |       |       |       |     1 |       |       |       ||     1
Evoke: Wand              |       |       |       |       |       |       |       |       |     1 ||     1
       Condenser vane    |       |       |       |       |       |       |       |       |     1 ||     1
  Use: Scroll            |       |     5 |     5 |     7 |    27 |    18 |    12 |     8 |    10 ||    92
       Potion            |       |       |     2 |     1 |    10 |    17 |    12 |    13 |    28 ||    83
Armor: Leather armour    |     9 |     4 |     1 |       |       |       |       |       |       ||    14
       Scale mail        |       |       |     8 |    42 |   225 |    58 |       |       |       ||   333
       Chain mail        |       |       |       |       |       |   419 |   225 |   179 |       ||   823
       Shadow dragon sca |       |       |       |       |       |       |       |    27 |   176 ||   203
Dodge: Dodged            |    23 |    19 |    28 |   102 |   426 |   494 |   515 |   712 |   553 ||  2872
       Repelled          |       |       |       |       |       |     4 |    19 |     6 |       ||    29

Table legend: (Time is in decaauts)
 A = Elapsed time spent in this place.
 B = Non-inter-level travel time spent in this place.
 C = Inter-level travel time spent in this place.
 D = Time resting spent in this place.
 E = Time spent auto-exploring this place.
 F = Levels seen in this place.
 G = Mean time per level.
                   A        B        C        D        E       F      G
               +--------+--------+--------+--------+--------+-----+--------+
         Total |  71735 |  66401 |   5334 |  19003 |  30275 |  53 | 1353.5 |
       Dungeon |  17970 |  16688 |   1282 |   2558 |  11205 |  15 | 1198.0 |
        Temple |    186 |    165 |     21 |      0 |    147 |   1 |  186.0 |
          Lair |   8633 |   8006 |    627 |   1686 |   5021 |   6 | 1438.8 |
         Swamp |   5510 |   5245 |    265 |   2693 |   1509 |   4 | 1377.5 |
   Spider Nest |   4026 |   3773 |    253 |    433 |   2396 |   4 | 1006.5 |
  Orcish Mines |   7235 |   6257 |    978 |   3773 |    696 |   2 | 3617.5 |
   Elven Halls |   3696 |   3400 |    296 |    468 |   1566 |   3 | 1232.0 |
        Vaults |   6536 |   6231 |    305 |    859 |   3531 |   4 | 1634.0 |
        Depths |   8474 |   7713 |    761 |   2491 |   2761 |   4 | 2118.5 |
           Zot |   9068 |   8526 |    542 |   4038 |   1430 |   5 | 1813.6 |
         Abyss |    368 |    368 |      0 |      0 |      0 |   4 |   92.0 |
        Bazaar |     27 |     27 |      0 |      0 |      8 |   1 |   27.0 |
               +--------+--------+--------+--------+--------+-----+--------+

Top non-repeatable levels by time:
   Orc:2: 6511 daAuts
Depths:4: 2909 daAuts
 Swamp:4: 2891 daAuts
  Lair:6: 2519 daAuts
     D:9: 2233 daAuts
     D:7: 2186 daAuts
Depths:3: 2159 daAuts
   Zot:1: 2080 daAuts
Vaults:2: 1990 daAuts
   Zot:4: 1987 daAuts
  Lair:4: 1972 daAuts
   Zot:2: 1864 daAuts
Depths:2: 1733 daAuts
Vaults:4: 1718 daAuts
   Zot:5: 1711 daAuts
